[Event "Team 45 45 League T31"]
[Site "Internet Chess Club"]
[Date "2006.08.14"]
[Round "8"]
[White "GoIrish"]
[Black "jientho"]
[Result "1-0"]
[WhiteElo "1617"]
[BlackElo "1398"]
[TimeControl "2700+45"]

1. Nf3 Nf6 2. g3 b6 3. Bg2 Bb7 4. O-O e6 5. d3 Bc5 6. e4 d6 7. Nbd2 e5 8. Nb3
Nc6 9. Nxc5 dxc5 10. Bd2 O-O 11. Qe2 Qe7 12. a3 a5 13. Rae1 Nd4 14. Nxd4 cxd4
15. f4 Qc5 16. Bc1 exf4 17. Bxf4 Rfe8 18. Qd2 Nh5 19. Rf2 f6 20. Ref1 Rad8 21.
h4 Bc8 22. b4 Qc3 23. Qxc3 dxc3 24. Bxc7 Rd4 25. Bxb6 Rd7 26. Kh2 axb4 27. axb4
Rb7 28. Bc5 Rc7 29. Bf3 Nxg3 30. Kxg3 g6 31. h5 Re5 32. hxg6 Rg5+ 33. Kf4 hxg6
34. Rg2 Rxg2 35. Bxg2 Kf7 36. Ke3 Rd7 37. Bh3 {Black resigns} 1-0  aics%

[Event "Team 45 45 League T31"]
[Site "Internet Chess Club"]
[Date "2006.08.14"]
[Round "8"]
[White "rh40"]
[Black "Grenadier"]
[Result "1-0"]
[WhiteElo "1583"]
[BlackElo "1605"]
[TimeControl "2700+45"]

1. e4 c6 2. d4 d5 3. Nc3 dxe4 4. Nxe4 Nd7 5. Bc4 Ngf6 6. Nxf6+ Nxf6 7. c3 Bf5 8.
Qb3 e6 9. Qxb7 Qb6 10. Qxa8+ Ke7 11. Nf3 g6 12. Qc8 Bh6 13. Qa6 Bxc1 14. Qxb6
axb6 15. Rxc1 Bg4 16. Ne5 Rc8 17. Nxg4 Nxg4 18. Ke2 Nh6 19. a4 Nf5 20. b4 h5 21.
a5 b5 22. Bd3 Nd6 23. f3 g5 24. Be4 Nc4 25. Bd3 Nb2 26. Rb1 Na4 27. Kd2 Rd8 28.
Bc2 e5 29. Bxa4 bxa4 30. Ke3 exd4+ 31. cxd4 f5 32. g3 {Black resigns} 1-0  aics%

[Event "Team 45 45 League T31"]
[Site "Internet Chess Club"]
[Date "2006.08.10"]
[Round "8"]
[White "Tomate"]
[Black "cazj"]
[Result "1-0"]
[WhiteElo "1460"]
[BlackElo "1358"]
[TimeControl "2700+45"]

1. e4 e5 2. Nf3 Nc6 3. Bb5 Bc5 4. O-O Nf6 5. Bxc6 dxc6 6. Nxe5 Qd4 7. Nf3 Qxe4
8. Re1 Qxe1+ 9. Qxe1+ Be6 10. d3 O-O 11. Be3 Bd6 12. Nc3 Rfe8 13. Qd2 Rad8 14.
Bg5 Be7 15. Bxf6 Bxf6 16. Re1 Rd7 17. b3 Rde7 18. Ne4 Bg4 19. Nxf6+ gxf6 20.
Rxe7 Rxe7 21. Qb4 Re2 22. Qxg4+ Kf8 23. Qc4 Kg7 24. g3 Kg6 25. Kg2 Re6 26. Qg4+
Kh6 27. Nd4 Re5 28. Nf5+ Rxf5 29. Qxf5 Kg7 30. Qd7 {Black resigns} 1-0  aics%

[Event "Team 45 45 League T31"]
[Site "Internet Chess Club"]
[Date "2006.08.14"]
[Round "8"]
[White "markev"]
[Black "Dalcon"]
[Result "1-0"]
[WhiteElo "1302"]
[BlackElo "1334"]
[TimeControl "2700+45"]

1. d4 g6 2. e3 Bg7 3. Bd3 d6 4. f4 Nd7 5. Nf3 e6 6. O-O Ngf6 7. Nbd2 O-O 8. Ng5
d5 9. c3 h6 10. Ngf3 b6 11. Ne5 Nxe5 12. fxe5 Nd7 13. e4 Bb7 14. Qf3 c5 15. Qh3
c4 16. Bc2 g5 17. exd5 exd5 18. Qf5 f6 19. Qh7+ Kf7 20. Bg6+ Ke6 21. Bf5+ Kf7
22. e6+ {Black resigns} 1-0  aics%

[Event "Team 45 45 League T31"]
[Site "Internet Chess Club"]
[Date "2006.08.11"]
[Round "8"]
[White "GLuft"]
[Black "Midwest-Rook"]
[Result "1-0"]
[WhiteElo "1237"]
[BlackElo "1277"]
[TimeControl "2700+45"]

1. e4 e5 2. Nf3 Nc6 3. Bc4 Bc5 4. c3 Nf6 5. Ng5 d5 6. exd5 Nxd5 7. d3 h6 8. Ne4
Bb6 9. Nbd2 a6 10. O-O Na5 11. Qh5 Nxc4 12. Nxc4 Qe7 13. Nxb6 cxb6 14. Bg5 Qe6
15. Be3 g6 16. Qf3 Nxe3 17. fxe3 Bd7 18. Nf6+ Ke7 19. Nxd7 Qxd7 20. Qxf7+ Kd6
21. Qf6+ Qe6 22. Qxe6+ Kxe6 23. Rf2 Rhf8 24. Raf1 Rxf2 25. Rxf2 Rd8 26. d4 b5
27. Kf1 h5 28. Ke2 g5 29. dxe5 Kxe5 30. Rf7 b6 31. b4 Ke4 32. Re7+ Kf5 33. Ra7
Ke4 34. Rxa6 Rd6 35. Ra7 Rc6 36. Re7+ Kf5 37. Kd2 Rd6+ 38. Kc2 Kf6 39. Re8 Kf7
40. Re5 Kf6 41. Rxb5 Re6 42. Kd3 Rd6+ 43. Ke2 Rc6 44. Kd3 Rd6+ 45. Ke4 Re6+ 46.
Kd5 Re5+ 47. Kc6 Re6+ 48. Kb7 Rxe3 49. Rxb6+ Ke5 50. c4 Rd3 51. Rb5+ Kf4 52. c5
Rd7+ 53. Kc6 Ra7 54. Ra5 Re7 55. Ra8 Re6+ 56. Kd5 Re5+ 57. Kc4 Re4+ 58. Kb5 Re5
59. a4 g4 60. Rf8+ Ke4 61. a5 Re6 62. c6 Re5+ 63. Kb6 Re6 64. a6 Kd5 65. b5 Re7
66. Rd8+ Kc4 67. a7 Rxa7 68. Kxa7 Kxb5 69. c7 {Black resigns} 1-0  aics%

[Event "Team 45 45 League T31"]
[Site "Internet Chess Club"]
[Date "2006.08.13"]
[Round "8"]
[White "Traho"]
[Black "Mississippian"]
[Result "0-1"]
[WhiteElo "1238"]
[BlackElo "1385"]
[TimeControl "2700+45"]

1. e4 d6 2. d4 Nf6 3. Nc3 g6 4. Nf3 Bg7 5. Be2 O-O 6. O-O Nbd7 7. Re1 c5 8. h3
cxd4 9. Nxd4 a6 10. a4 Re8 11. b4 Qc7 12. Bb2 Ne5 13. b5 Bd7 14. f4 Nc4 15. Bxc4
Qxc4 16. Qd3 Qb4 17. Ba3 Qa5 18. e5 dxe5 19. fxe5 Nh5 20. Bc1 Rec8 21. Bd2 Qb6
22. Nd5 Qd8 23. Bb4 Bf8 24. Qd2 e6 25. Ba5 Qh4 26. Nb6 Bc5 27. Nxa8 Rxa8 28. Bc3
a5 29. Qf2 Qg5 30. Qe3 Qh4 31. Qf2 Qe7 32. Qd2 Ng7 33. Kh2 Rc8 34. Bxa5 Qh4 35.
Nf3 Qe7 36. Rab1 f6 37. Bb4 Bxb4 38. Qxb4 Qf7 39. Qb2 fxe5 40. Nxe5 Qf4+ 41. Kh1
Be8 42. Rbc1 Nf5 43. c3 Qxa4 44. Qb4 Qa7 45. Qf4 Bxb5 46. Nf3 Rc4 47. Qd2 Kf7
48. Ne5+ Kf6 49. Nxc4 Bxc4 50. Ra1 Qb8 51. Ra4 Qc7 52. Ra8 Ng3+ 53. Kg1 Qc5+ 54.
Qf2+ Qxf2+ 55. Kxf2 Nf5 56. Rc8 b5 57. g4 Nd6 58. Rc6 Ke7 59. Kg3 Bd5 60. Rc7+
Kf6 61. Kh2 h6 62. Rh7 Kg5 63. Rg1 Ne4 64. h4+ Kxh4 65. Rxh6+ Kg5 66. Rh8 Nxc3
67. Rb8 Bc4 68. Kh3 e5 69. Re8 e4 70. Re5+ Kf4 71. Rc5 e3 72. Re1 Kf3 73. Re5 e2
{White forfeits on time} 0-1  aics%

[Event "Team 45 45 League T31"]
[Site "Internet Chess Club"]
[Date "2006.08.14"]
[Round "8"]
[White "moreffee"]
[Black "Toalla"]
[Result "1/2-1/2"]
[WhiteElo "1404"]
[BlackElo "1377"]
[TimeControl "2700+45"]

1. Nf3 f6 2. e4 e5 3. Bc4 Qe7 4. Nc3 c6 5. d4 b5 6. Bb3 b4 7. Ne2 d6 8. d5 c5 9.
Ba4+ Bd7 10. Bxd7+ Qxd7 11. a4 h5 12. Qd3 a5 13. Qb5 Ne7 14. Qxd7+ Nxd7 15. Nh4
g6 16. f4 Bg7 17. f5 g5 18. Nf3 Rc8 19. c4 Nf8 20. Nd2 Rc7 21. Nb3 Ra7 22. Be3
Nc8 23. h3 Nd7 24. Nd2 Ndb6 25. b3 Bf8 26. O-O-O Rah7 27. Rh2 Be7 28. Rdh1 Bd8
29. Ng3 Ne7 30. Kb2 Kd7 31. Nf3 Ng8 32. h4 g4 33. Ne1 Be7 34. Ne2 Bf8 35. g3 Bh6
36. Bxh6 Nxh6 37. Nd3 Nc8 38. Kc2 Ne7 39. Rf1 Kc7 40. Rhf2 Kb6 41. Kb2 Nf7 42.
Rh2 Nh6 43. Ne1 Ka6 44. Nc2 Nf7 45. Ne3 Nh6 46. Rhf2 Rg7 47. Nc1 Rhg8 48. Nd3
Nc8 49. Kc2 Kb6 50. Kb2 Ka6 {Game drawn by mutual agreement} 1/2-1/2  aics%

[Event "Team 45 45 League T31"]
[Site "Internet Chess Club"]
[Date "2006.08.12"]
[Round "8"]
[White "fabill"]
[Black "wekabird"]
[Result "1-0"]
[WhiteElo "1231"]
[BlackElo "1223"]
[TimeControl "2700+45"]

1. d4 d5 2. h3 g6 3. e3 Bg7 4. Bd2 Nf6 5. Nc3 c6 6. Bd3 O-O 7. Nf3 b5 8. a3 Nbd7
9. Ne2 a6 10. Nf4 c5 11. c3 c4 12. Be2 Re8 13. O-O e5 14. dxe5 Nxe5 15. Nxe5
Rxe5 16. Bf3 Bb7 17. Ne2 Rb8 18. Nd4 Re8 19. Qc2 Ne4 20. Bxe4 dxe4 21. Rfd1 Bxd4
22. cxd4 Qc7 23. Bb4 Rbd8 24. Bc5 f5 25. Qc3 f4 26. Kh1 f3 27. g3 Qd7 28. Kh2
Re6 29. Rg1 g5 30. Rad1 Rh6 31. g4 Qc7+ 32. Rg3 a5 33. Rg1 Bd5 34. Qc2 Rb8 35.
Ra1 b4 36. axb4 axb4 37. Ra7 Qc6 38. Qa4 Qxa4 39. Rxa4 Ra8 40. Rxa8+ Bxa8 41.
Bxb4 Rb6 42. Bc3 Ra6 43. Rg1 Bd5 44. Kg3 Kg7 45. Rh1 Kg6 46. h4 h6 47. h5+ Kf6
48. Rb1 Ke6 49. Kh2 Kd6 50. Kg1 Kc6 51. Kf1 Ra2 52. Ke1 Kb5 53. Kd1 Ka4 54. Kc2
Kb5 55. Kc1 Ka6 56. Bb4 Ra4 57. Bc3 Kb6 58. Kc2 Ra6 59. Kc1 Bc6 60. b3 cxb3 61.
Rxb3+ Kc7 62. Rb2 Bd5 63. Kd2 Rc6 64. Rc2 Kd6 65. Bb4+ Kc7 66. Rxc6+ Kxc6 67.
Bf8 Kd7 68. Bxh6 Ke7 69. Bxg5+ Kf7 70. Bf4 Kg7 71. g5 Bg8 72. h6+ Kg6 73. Kc3
Kh5 74. Kb4 Kh4 75. Kc5 Kh3 76. d5 Kg2 77. d6 Kxf2 78. d7 Kg2 79. d8=Q f2 80.
Qd1 f1=Q 81. Qxf1+ Kxf1 82. Kd6 Kf2 83. Ke7 Kf3 84. Kf8 Bh7 85. Kg7 Bf5 86. g6
Kg4 87. h7 Bxg6 88. Kxg6 Kf3 89. h8=Q Ke2 90. Qh2+ Kd3 91. Kf5 {Black resigns}
1-0  aics%

[Event "Team 45 45 League T31"]
[Site "Internet Chess Club"]
[Date "2006.08.13"]
[Round "8"]
[White "Riddari"]
[Black "Renato77"]
[Result "1-0"]
[WhiteElo "1151"]
[BlackElo "1154"]
[TimeControl "2700+45"]

1. e4 c6 2. d4 d5 3. e5 Nd7 4. Nc3 f6 5. Qh5+ g6 6. Qe2 Qb6 7. Nf3 c5 8. e6 Nb8
9. Nxd5 Qd6 10. c4 Bxe6 11. Bf4 Qc6 12. Nc7+ Kd8 13. Nxe6+ Ke8 14. Nxf8 Kxf8 15.
dxc5 Qxc5 16. Qd3 Kg7 17. Be2 Na6 18. a3 Qc6 19. b4 Qe6 20. O-O Nh6 21. Bxh6+
Kxh6 22. Rad1 Rhd8 23. Qe3+ Qxe3 24. fxe3 Rxd1 25. Rxd1 e5 26. Rd7 b6 27. c5 Nb8
28. Rd8 bxc5 29. bxc5 e4 30. Nd4 a5 31. Nc6 Ra6 32. Bxa6 Nxa6 33. Rd6 Nxc5 34.
Rxf6 Nd7 35. Re6 Nc5 36. Re5 Nb3 37. Nxa5 Nd2 38. a4 Kg7 39. Rd5 Nb1 40. Nc4 Nc3
41. Rd7+ Kh6 42. a5 Kg5 43. a6 Nb5 44. Rd5+ Kg4 45. Rxb5 g5 46. a7 h5 47. a8=Q
h4 48. Qxe4+ Kh5 49. Rb6 h3 50. Qg6+ Kg4 51. gxh3+ Kxh3 52. Qh5# {Black
checkmated} 1-0  aics%